 Dungeon Crawl Stone Soup version 0.29.0-4-gdea44cf6ec (webtiles) character file.

Game seed: 1223146276226723915

16965 qw the Severer (level 12, -3/104 HPs)
             Began as a Minotaur Fighter on Sept 8, 2022.
             Was a Priest of Ru.
             Slain by an eight-headed hydra (6 damage)
             ... on level 2 of the Lair of Beasts.
             The game lasted 00:04:33 (13888 turns).

qw the Severer (Minotaur Fighter)                  Turns: 13888, Time: 00:04:33

Health: -3/104     AC: 28    Str: 27    XL:     12   Next: 14%
Magic:  11/11      EV:  8    Int:  5    God:    Ru [***...]
Gold:   644        SH:  5    Dex:  9    Spells: 11/11 levels left

rFire   . . .      SeeInvis .   k - +0 morningstar
rCold   . . .      Faith    .   c - +0 buckler
rNeg    . . .      Spirit   .   q - +4 plate armour
rPois   +          Reflect  .   (helmet restricted)
rElec   .          Harm     .   i - +2 cloak
rCorr   .          Rampage  .   h - +0 pair of gloves
Will    .....                   j - +0 pair of boots
Stlth   ..........              (no amulet)
HPRegen 0.27/turn               f - +4 ring of protection
MPRegen 0.12/turn               m - ring of poison resistance

@: about to teleport
A: horns 2, inability to use devices, unskilled 1, retaliatory headbutt,
deterioration 1, sense surroundings 1, MP-powered wands
a: Renounce Religion, Draw Out Power


You were on level 2 of the Lair of Beasts.
You worshipped Ru.
Ru was most pleased with you.
You visited 3 branches of the dungeon, and saw 14 of its levels.

You collected 689 gold pieces.
You spent 45 gold pieces at shops.


Innate Abilities, Weirdness & Mutations

You have a pair of horns on your head.
You cannot study or use magical devices.
You are somewhat unskilled. (-1 Apt)
You reflexively headbutt those who attack you in melee.
Your body sometimes deteriorates upon taking damage.
You passively map a small area around you.
You expend magic power (3 MP) to strengthen your wands.


   Skills:
 + Level 9.0 Fighting
 - Level 17.0 Axes
 - Level 2.1 Throwing
 - Level 9.0 Armour
 - Level 3.0 Dodging
 - Level 6.0 Shields


You had 11 spell levels left.
You didn't know any spells.
Your spell library was empty.

Inventory:

Hand Weapons
 k - a +0 morningstar (weapon)
 Y - a +4 broad axe of freezing
Armour
 c - a +0 buckler (worn)
 h - a +0 pair of gloves (worn)
 i - a +2 cloak (worn)
 j - a +0 pair of boots (worn)
 q - a +4 plate armour (worn)
Jewellery
 e - a +6 ring of strength
 f - a +4 ring of protection (left hand)
 m - a ring of poison resistance (right hand)
 p - a ring of fire
 t - a ring of fire
Scrolls
 a - 5 scrolls of teleportation
 n - 9 scrolls of identify
Potions
 b - 6 potions of curing
 d - 6 potions of might
 g - 2 potions of mutation
 o - 4 potions of heal wounds
 u - 2 potions of cancellation

Dungeon Overview and Level Annotations

Branches:
Dungeon (11/15)            Temple (1/1) D:6            Lair (2/5) D:8
  Swamp: Lair:2-3    Shoals: Lair:2-3     Snake: Lair:2-3    Spider: Lair:2-3
    Orc: D:9-12

Altars:
Ashenzari
Cheibriados
Dithmenos
Elyvilon
Hepliaklqana
Kikubaaqudgha
Nemelex Xobeh
Qazlal
Ru
Sif Muna
Trog
Vehumet
Wu Jian
Xom
The Shining One

Shops:
D:2 [   D:10 (

Annotations:
D:1 1 runed translucent door
D:4 4 runed translucent doors
D:8 2 transporters, qw's ghost, novice MiBe


Message History

The eight-headed hydra barely misses you.
You block the eight-headed hydra's attack.
The eight-headed hydra bites you but does no damage.
The eight-headed hydra bites you!
The eight-headed hydra barely misses you.
You thump the eight-headed hydra!
The eight-headed hydra is almost dead.
You block the eight-headed hydra's attack.
The eight-headed hydra bites you.
You block the eight-headed hydra's attack.
The eight-headed hydra bites you but does no damage. x2
The eight-headed hydra barely misses you. x2
The eight-headed hydra bites you but does no damage.
You barely miss the eight-headed hydra.
The eight-headed hydra is almost dead.
The eight-headed hydra bites you but does no damage. x3
You block the eight-headed hydra's attack.
The eight-headed hydra barely misses you.
The eight-headed hydra bites you!
You focus your inner power and illuminate the eight-headed hydra in retribution!
The eight-headed hydra barely misses you.
The eight-headed hydra bites you!
You hit the eight-headed hydra but do no damage.
You headbutt the eight-headed hydra.
The eight-headed hydra is almost dead.
The eight-headed hydra bites you but does no damage. x3
You block the eight-headed hydra's attack.
The eight-headed hydra bites you but does no damage. x2
The eight-headed hydra barely misses you.
The eight-headed hydra bites you!
13888 ||| READING 6 scrolls of teleportation.
As you read the scroll of teleportation, it crumbles to dust.
You feel strangely unstable.
The eight-headed hydra barely misses you.
The eight-headed hydra bites you!
The eight-headed hydra bites you but does no damage. x2
The eight-headed hydra bites you!
The eight-headed hydra bites you but does no damage. x2
The eight-headed hydra bites you.
You die...

P...#....P..........P..**
.....#.%............P...
..#####................#
#.# , #.............#..#
..#, #................
.........#..........# .
.............%....###...
...#...#..........#.....
, #...##....###@....#
##..,#PP.##.D8...#..# ..
#...#.....)##* #
..#.#....#### *
.......##* , .8..., ,,, ,
.... , *, ...8 , , , ,


You could see an eight-headed hydra (corona).

Vanquished Creatures
  Harold (D:9)
  Erolcha (D:9)
  A hydra (Lair:2)
  A manticore (D:11)
  Maggie (D:8)
  8 komodo dragons
  3 cane toads
  A hornet (D:10)
  4 trolls
  3 shadows
  2 vampires
  4 wraiths
  4 wyverns
  25 yaks
  A steam dragon (D:8)
  A basilisk (Lair:1)
  2 acid dragons
  6 water moccasins
  A sky beast (D:8)
  Duvessa (D:7)
  2 orc warriors (D:11)
  3 black bears
  2 ogres
  6 centaurs
  5 wolves (Lair:1)
  A kobold brigand (D:6)
  A phantom (D:6)
  Blork the orc (D:4)
  A necrophage (D:4)
  6 bullfrogs
  3 scorpions
  2 gnoll sergeants
  Dowan (D:7)
  4 wights
  2 howler monkeys (D:10)
  3 jellies
  7 orc priests
  2 hounds
  A gnoll bouda (D:5)
  Ijyb (D:3)
  4 iguanas
  12 orc wizards
  15 gnolls
  7 adders
  2 white imps
  A worm (D:4)
  3 dart slugs
  26 orcs
  11 ball pythons
  17 endoplasms
  4 goblins
  10 hobgoblins
  4 quokkas
  4 bats
  4 frilled lizards (D:1)
  18 kobolds
  5 rats
272 creatures vanquished.

Vanquished Creatures (others)
  13 fungi
  45 plants
  6 toadstools (D:4)
64 creatures vanquished.

Grand Total: 336 creatures vanquished

Notes
Turn   | Place    | Note
-------+----------+-------------------------------------------
     0 | D:1      | qw the Minotaur Fighter began the quest for the Orb.
     0 | D:1      | Reached XP level 1. HP: 19/19 MP: 0/0
     0 | D:1      | 0 ||| qw: Version: 0.1-a-112-g44dc6cd
     0 | D:1      | 0 ||| qw: Game counter: 6809
     0 | D:1      | 0 ||| qw: Always use a shield: true
     0 | D:1      | 0 ||| qw: God list: Ru
     0 | D:1      | 0 ||| qw: Allow faded altars: false
     0 | D:1      | 0 ||| qw: Do Orc after D:15 true
     0 | D:1      | 0 ||| qw: Do second Lair branch before Depths: true
     0 | D:1      | 0 ||| qw: Lair rune preference: random
     0 | D:1      | 0 ||| qw: Plans: Normal
     0 | D:1      | 0 ||| PLANNING D:1-11
     1 | D:1      | Found a runed translucent door.
     2 | D:1      | Noticed a jelly
   121 | D:1      | Reached skill level 3 in Axes
   216 | D:1      | Reached XP level 2. HP: 26/26 MP: 1/1
   229 | D:1      | Found a faded altar of an unknown god.
   700 | D:1      | Reached skill level 4 in Axes
   912 | D:1      | 912 ||| UPGRADING to +0 plate armour.
   922 | D:1      | 922 ||| DROPPING +0 scale mail.
   923 | D:1      | 923 ||| READING scroll labelled PUAREOQ ULLAX.
   924 | D:1      | 924 ||| READING scroll labelled LUSIMA RARPH.
   925 | D:1      | 925 ||| READING scroll labelled YHARYP MUVU.
   966 | D:2      | Identified the +3 short sword of the Charming Asp {flame,
                  | Will- rCorr Dex+4}
  1223 | D:2      | Reached XP level 3. HP: 31/31 MP: 2/2
  1254 | D:2      | Found Hodiacud's Armour Shop.
  1257 | D:2      | 1257 ||| BUYING +0 cloak (45 gold).
  1257 | D:2      | Bought a +0 cloak for 45 gold pieces
  1257 | D:2      | 1257 ||| SHOPLISTING +4 plate armour of fire resistance
                  | (500 gold, have 7).
  1391 | D:2      | Identified the +5 ring mail of Xerisheef {rElec rPois
                  | Slay-5 Stlth+}
  1545 | D:2      | 1545 ||| UPGRADING to +0 cloak.
  1550 | D:2      | 1550 ||| UPGRADING to +6 ring of strength.
  1551 | D:2      | 1551 ||| READING scroll labelled WOLA GILIO.
  1552 | D:2      | 1552 ||| DRINKING 2 sedimented purple potions.
  1578 | D:3      | Noticed Ijyb
  1579 | D:3      | 1579 ||| Stepping ~*~*~tactically~*~*~ (hiding).
  1580 | D:3      | 1580 ||| Stepping ~*~*~tactically~*~*~ (hiding).
  1595 | D:3      | Killed Ijyb
  1596 | D:3      | Reached skill level 5 in Axes
  1596 | D:3      | Reached XP level 4. HP: 27/39 MP: 3/3
  1742 | D:3      | 1742 ||| Stepping ~*~*~tactically~*~*~ (stealth).
  1750 | D:3      | 1750 ||| Stepping ~*~*~tactically~*~*~ (stealth).
  1764 | D:3      | 1764 ||| READING scroll of enchant armour.
  1764 | D:3      | 1764 ||| ENCHANTING +0 cloak.
  2010 | D:3      | Found a glowing golden altar of the Shining One.
  2010 | D:3      | Found a bloodstained altar of Trog.
  2018 | D:3      | 2018 ||| DROPPING +0 club.
  2054 | D:3      | Found a shimmering blue altar of Sif Muna.
  2068 | D:3      | 2068 ||| DRINKING potion of curing.
  2068 | D:3      | 2068 ||| (to cure confusion)
  2275 | D:3      | 2275 ||| READING scroll labelled SINNOU WYCZYESAT.
  2330 | D:4      | Noticed an ogre
  2333 | D:4      | 2333 ||| STAIRDANCE
  2337 | D:3      | Killed an ogre
  2338 | D:3      | Reached skill level 6 in Axes
  2338 | D:3      | Reached XP level 5. HP: 39/45 MP: 4/4
  2406 | D:4      | Reached skill level 1 in Dodging
  2536 | D:4      | Reached skill level 7 in Axes
  2618 | D:4      | Found a large runed translucent door.
  2618 | D:4      | Found a large runed translucent door.
  2621 | D:4      | Noticed a centaur
  2621 | D:4      | Noticed a centaur
  2630 | D:4      | Found a large runed translucent door.
  2630 | D:4      | Found a large runed translucent door.
  2635 | D:4      | Noticed a centaur
  2645 | D:4      | Killed a centaur
  2646 | D:4      | Reached XP level 6. HP: 46/53 MP: 5/5
  2701 | D:4      | Noticed Blork the orc
  2702 | D:4      | 2702 ||| Stepping ~*~*~tactically~*~*~ (hiding).
  2704 | D:4      | 2704 ||| Stepping ~*~*~tactically~*~*~ (hiding).
  2720 | D:4      | Killed Blork the orc
  2864 | D:4      | Reached skill level 8 in Axes
  2955 | D:4      | 2955 ||| Stepping ~*~*~tactically~*~*~ (stealth).
  2957 | D:4      | 2957 ||| Stepping ~*~*~tactically~*~*~ (stealth).
  2962 | D:4      | 2962 ||| Stepping ~*~*~tactically~*~*~ (stealth).
  2969 | D:4      | Reached XP level 7. HP: 53/60 MP: 6/6
  2983 | D:4      | 2983 ||| Stepping ~*~*~tactically~*~*~ (stealth).
  3013 | D:4      | 3013 ||| Stepping ~*~*~tactically~*~*~ (stealth).
  3056 | D:4      | 3056 ||| DROPPING +0 whip.
  3254 | D:4      | Identified the +0 leather armour of Supple Strength {Str-4
                  | Int+6 Stlth+}
  3293 | D:4      | Reached skill level 9 in Axes
  3580 | D:4      | 3580 ||| Stepping ~*~*~tactically~*~*~ (stealth).
  3597 | D:4      | 3597 ||| Stepping ~*~*~tactically~*~*~ (stealth).
  3623 | D:4      | 3623 ||| SWAPPING to +3 war axe.
  3624 | D:4      | 3624 ||| DROPPING +0 war axe.
  3699 | D:4      | Reached skill level 10 in Axes
  4010 | D:4      | 4010 ||| READING 3 scrolls labelled OMAMMU GITZ.
  4011 | D:4      | 4011 ||| DROPPING 2 scrolls of fear.
  4025 | D:5      | Entered Level 5 of the Dungeon
  4056 | D:5      | Found a shimmering altar of Xom.
  4067 | D:5      | Found an ancient bone altar of Kikubaaqudgha.
  4110 | D:5      | HP: 8/61 [orc wizard/magic dart (10)]
  4111 | D:5      | Reached skill level 6 in Fighting
  4111 | D:5      | Reached XP level 8. HP: 9/70 MP: 7/7
  4111 | D:5      | 4111 ||| READING 3 scrolls of teleportation.
  4111 | D:5      | HP: 1/70 [gnoll/+0 flail[a gnoll sergeant] (8)]
  4115 | D:5      | 4115 ||| Stepping ~*~*~tactically~*~*~ (stealth).
  4125 | D:5      | 4125 ||| READING 2 scrolls of teleportation.
  4128 | D:5      | 4128 ||| READING scroll of teleportation.
  4315 | D:5      | 4315 ||| Stepping ~*~*~tactically~*~*~ (stealth).
  4561 | D:5      | 4561 ||| Stepping ~*~*~tactically~*~*~ (hiding).
  4588 | D:5      | Reached skill level 11 in Axes
  5019 | D:5      | Found a sparkling altar of Nemelex Xobeh.
  5239 | D:5      | Found a shadowy altar of Dithmenos.
  5373 | D:5      | 5373 ||| DRINKING 2 potions of curing.
  5373 | D:5      | 5373 ||| (to cure confusion)
  5626 | D:5      | 5626 ||| READING scroll labelled DUOR YSAYKEMO.
  5627 | D:5      | 5627 ||| DRINKING 2 bubbling black potions.
  5628 | D:5      | 5628 ||| DRINKING 2 brown potions.
  5628 | D:5      | Gained mutation: Your body sometimes deteriorates upon
                  | taking damage. [potion of mutation]
  5628 | D:5      | Gained mutation: You expend magic power (3 MP) to
                  | strengthen your wands. [potion of mutation]
  5628 | D:5      | Gained mutation: You passively map a small area around you.
                  | [potion of mutation]
  5629 | D:5      | 5629 ||| DRINKING 2 viscous ruby potions.
  5671 | D:5      | 5671 ||| READING 3 scrolls of identify.
  5671 | D:5      | 5671 ||| IDENTIFYING bubbling ruby potion
  5672 | D:5      | 5672 ||| READING 2 scrolls of identify.
  5672 | D:5      | 5672 ||| IDENTIFYING purple potion
  5673 | D:5      | 5673 ||| DROPPING potion of attraction.
  5674 | D:5      | 5674 ||| DROPPING potion of degeneration.
  5675 | D:5      | 5675 ||| DROPPING potion of lignification.
  5676 | D:5      | 5676 ||| DROPPING potion of magic.
  5891 | D:6      | 5891 ||| READING scroll of enchant armour.
  5891 | D:6      | 5891 ||| ENCHANTING +1 cloak.
  5919 | D:6      | 5919 ||| DRINKING 2 potions of curing.
  5919 | D:6      | 5919 ||| (to cure confusion)
  5921 | D:6      | 5921 ||| DRINKING potion of curing.
  5921 | D:6      | 5921 ||| (to cure confusion)
  5924 | D:6      | Reached skill level 12 in Axes
  5964 | D:6      | 5964 ||| Stepping ~*~*~tactically~*~*~ (hiding).
  5972 | D:6      | Reached XP level 9. HP: 67/78 MP: 8/8
  6139 | D:6      | Found a staircase to the Ecumenical Temple.
  6140 | D:6      | 6140 ||| PLANNING TEMPLE
  6140 | D:6      | 6140 ||| READING scroll labelled LALAREIBRY.
  6141 | D:6      | 6141 ||| READING scroll labelled MINU XALAGA.
  6142 | D:6      | 6142 ||| READING 2 scrolls of identify.
  6142 | D:6      | 6142 ||| IDENTIFYING bubbling purple potion
  6152 | Temple   | Entered the Ecumenical Temple
  6185 | Temple   | Became a worshipper of Ru the Awakened
  6190 | Temple   | 6190 ||| PLANNING D:1-11
  6709 | D:6      | 6709 ||| UPGRADING to +0 pair of gloves.
  6714 | D:6      | 6714 ||| READING scroll labelled QOXERO TOUXO.
  6782 | D:7      | 6782 ||| Stepping ~*~*~tactically~*~*~ (hiding).
  6904 | D:7      | 6904 ||| Stepping ~*~*~tactically~*~*~ (stealth).
  6906 | D:7      | 6906 ||| Stepping ~*~*~tactically~*~*~ (hiding).
  6913 | D:7      | Reached skill level 6 in Armour
  6971 | D:7      | 6971 ||| SWAPPING to +0 broad axe.
  6972 | D:7      | 6972 ||| DROPPING +4 war axe.
  7116 | D:7      | Noticed Duvessa
  7125 | D:7      | Killed Duvessa
  7127 | D:7      | Noticed Dowan
  7132 | D:7      | Killed Dowan
  7545 | D:7      | 7545 ||| READING scroll labelled NEAM VUTHUSHA.
  7622 | D:8      | 7622 ||| Stepping ~*~*~tactically~*~*~ (hiding).
  7631 | D:8      | Reached skill level 13 in Axes
  8176 | D:8      | 8176 ||| Stepping ~*~*~tactically~*~*~ (stealth).
  8291 | D:8      | Found a staircase to the Lair.
  8342 | D:8      | Noticed Maggie
  8343 | D:8      | 8343 ||| Stepping ~*~*~tactically~*~*~ (hiding).
  8345 | D:8      | 8345 ||| Stepping ~*~*~tactically~*~*~ (hiding).
  8358 | D:8      | Killed Maggie
  8376 | D:8      | Noticed a komodo dragon
  8377 | D:8      | 8377 ||| Stepping ~*~*~tactically~*~*~ (stealth).
  8399 | D:8      | Killed a komodo dragon
  8400 | D:8      | Reached XP level 10. HP: 77/88 MP: 9/9
  8502 | D:8      | Reached skill level 14 in Axes
  8524 | D:8      | Identified the +6 leather armour of the Snake Pit {*Corrode
                  | Int+8}
  8525 | D:8      | 8525 ||| INVOKING Sacrifice Skill.
  8525 | D:8      | Gained mutation: You are somewhat unskilled. (-1 Apt) [Ru
                  | sacrifice]
  8525 | D:8      | Reduced skill Axes to level 12
  8525 | D:8      | Reduced skill Throwing to level 1
  8525 | D:8      | Reached * piety under Ru
  8572 | D:8      | Found a transporter.
  8573 | D:8      | Noticed a moth of wrath
  8577 | D:8      | Noticed qw's ghost (novice MiBe)
  8578 | D:8      | Found a bloodstained altar of Trog.
  8586 | D:8      | Found a transporter.
  9017 | D:9      | 9017 ||| STAIRDANCE
  9027 | D:8      | Reached skill level 6 in Armour
  9204 | D:9      | Reached skill level 13 in Axes
  9204 | D:9      | 9204 ||| STAIRDANCE
  9406 | D:9      | Noticed Erolcha
  9411 | D:9      | Killed Erolcha
  9592 | D:9      | 9592 ||| Stepping ~*~*~tactically~*~*~ (stealth).
  9596 | D:9      | 9596 ||| Stepping ~*~*~tactically~*~*~ (stealth).
  9730 | D:9      | 9730 ||| Stepping ~*~*~tactically~*~*~ (hiding).
  9773 | D:9      | Noticed Harold
  9774 | D:9      | 9774 ||| Stepping ~*~*~tactically~*~*~ (hiding).
  9780 | D:9      | Killed Harold
  9781 | D:9      | Reached skill level 14 in Axes
 10232 | D:9      | 10232 ||| DROPPING orb of light.
 10233 | D:9      | 10233 ||| UPGRADING to ring of poison resistance.
 10234 | D:9      | 10234 ||| READING scroll labelled GAODUK ZAVIL.
 10235 | D:9      | 10235 ||| READING scroll labelled UVA IKISUAS.
 10246 | D:10     | Entered Level 10 of the Dungeon
 10264 | D:10     | Reached XP level 11. HP: 85/95 MP: 10/10
 10526 | D:10     | Found a broken altar of Ashenzari.
 10752 | D:10     | 10752 ||| READING 3 scrolls of enchant weapon.
 10752 | D:10     | 10752 ||| ENCHANTING +0 broad axe of freezing.
 10753 | D:10     | 10753 ||| READING 2 scrolls of enchant weapon.
 10753 | D:10     | 10753 ||| ENCHANTING +1 broad axe of freezing.
 10754 | D:10     | 10754 ||| READING scroll of enchant weapon.
 10754 | D:10     | 10754 ||| ENCHANTING +2 broad axe of freezing.
 10879 | D:10     | Found a white marble altar of Elyvilon.
 10924 | D:10     | Reached skill level 15 in Axes
 10950 | D:10     | Reached skill level 9 in Fighting
 11018 | D:10     | Found Pedorph's Weapon Emporium.
 11306 | D:10     | 11306 ||| UPGRADING to +0 pair of boots.
 11311 | D:10     | 11311 ||| UPGRADING to +4 plate armour.
 11321 | D:10     | 11321 ||| DROPPING +0 plate armour.
 11355 | D:11     | 11355 ||| FLEEEEING.
 11356 | D:11     | 11356 ||| FLEEEEING.
 11357 | D:11     | 11357 ||| STAIRDANCE
 11490 | D:11     | 11490 ||| STAIRDANCE
 11547 | D:11     | 11547 ||| Stepping ~*~*~tactically~*~*~ (hiding).
 11550 | D:11     | 11550 ||| Stepping ~*~*~tactically~*~*~ (hiding).
 11564 | D:11     | 11564 ||| Stepping ~*~*~tactically~*~*~ (stealth).
 11565 | D:11     | 11565 ||| Stepping ~*~*~tactically~*~*~ (stealth).
 11567 | D:11     | 11567 ||| Stepping ~*~*~tactically~*~*~ (stealth).
 11658 | D:11     | 11658 ||| INVOKING Sacrifice Artifice.
 11658 | D:11     | Gained mutation: You cannot study or use magical devices.
                  | [Ru sacrifice]
 11658 | D:11     | Reached ** piety under Ru
 11658 | D:11     | Reached *** piety under Ru
 11697 | D:11     | 11697 ||| Stepping ~*~*~tactically~*~*~ (hiding).
 11706 | D:11     | 11706 ||| Stepping ~*~*~tactically~*~*~ (stealth).
 11754 | D:11     | 11754 ||| Stepping ~*~*~tactically~*~*~ (stealth).
 11757 | D:11     | 11757 ||| Stepping ~*~*~tactically~*~*~ (stealth).
 11760 | D:11     | 11760 ||| Stepping ~*~*~tactically~*~*~ (stealth).
 11765 | D:11     | Reached skill level 3 in Dodging
 12054 | D:11     | 12054 ||| FLEEEEING.
 12055 | D:11     | 12055 ||| FLEEEEING.
 12056 | D:11     | 12056 ||| FLEEEEING.
 12057 | D:11     | 12057 ||| FLEEEEING.
 12059 | D:11     | 12059 ||| FLEEEEING.
 12060 | D:11     | 12060 ||| FLEEEEING.
 12061 | D:11     | 12061 ||| FLEEEEING.
 12062 | D:11     | 12062 ||| FLEEEEING.
 12063 | D:11     | 12063 ||| FLEEEEING.
 12064 | D:11     | 12064 ||| FLEEEEING.
 12065 | D:11     | 12065 ||| FLEEEEING.
 12066 | D:11     | 12066 ||| FLEEEEING.
 12067 | D:11     | 12067 ||| FLEEEEING.
 12068 | D:11     | 12068 ||| FLEEEEING.
 12069 | D:11     | 12069 ||| FLEEEEING.
 12070 | D:11     | 12070 ||| FLEEEEING.
 12071 | D:11     | 12071 ||| FLEEEEING.
 12072 | D:11     | 12072 ||| FLEEEEING.
 12073 | D:11     | 12073 ||| FLEEEEING.
 12074 | D:11     | 12074 ||| FLEEEEING.
 12075 | D:11     | 12075 ||| FLEEEEING.
 12076 | D:11     | 12076 ||| FLEEEEING.
 12077 | D:11     | 12077 ||| FLEEEEING.
 12078 | D:11     | 12078 ||| FLEEEEING.
 12079 | D:11     | 12079 ||| FLEEEEING.
 12080 | D:11     | 12080 ||| FLEEEEING.
 12081 | D:11     | 12081 ||| Stepping ~*~*~tactically~*~*~ (stealth).
 12082 | D:11     | 12082 ||| Stepping ~*~*~tactically~*~*~ (stealth).
 12087 | D:11     | 12087 ||| Stepping ~*~*~tactically~*~*~ (stealth).
 12262 | D:11     | 12262 ||| FLEEEEING.
 12266 | D:11     | 12266 ||| Stepping ~*~*~tactically~*~*~ (hiding).
 12393 | D:11     | 12393 ||| PLANNING LAIR
 12393 | D:11     | 12393 ||| DROPPING +6 ring of dexterity.
 12394 | D:11     | 12394 ||| UPGRADING to +4 ring of protection.
 12396 | D:11     | 12396 ||| READING 7 scrolls of identify.
 12396 | D:11     | 12396 ||| IDENTIFYING glowing brown potion
 12517 | Lair:1   | Entered Level 1 of the Lair of Beasts
 12777 | Lair:1   | 12777 ||| Stepping ~*~*~tactically~*~*~ (hiding).
 12779 | Lair:1   | 12779 ||| Stepping ~*~*~tactically~*~*~ (hiding).
 12786 | Lair:1   | 12786 ||| DRINKING potion of cancellation.
 12796 | Lair:1   | 12796 ||| READING scroll of enchant weapon.
 12796 | Lair:1   | 12796 ||| ENCHANTING +3 broad axe of freezing.
 13107 | Lair:1   | Reached skill level 16 in Axes
 13115 | Lair:1   | Reached skill level 9 in Armour
 13147 | Lair:1   | Reached skill level 6 in Shields
 13409 | Lair:1   | 13409 ||| Stepping ~*~*~tactically~*~*~ (stealth).
 13423 | Lair:1   | Reached XP level 12. HP: 102/104 MP: 11/11
 13510 | Lair:1   | 13510 ||| DROPPING amulet of magic regeneration.
 13511 | Lair:1   | 13511 ||| READING 4 scrolls labelled OMOUMM LEISK.
 13512 | Lair:1   | 13512 ||| DROPPING 3 scrolls of poison.
 13541 | Lair:2   | 13541 ||| STAIRDANCE
 13865 | Lair:2   | Noticed a four-headed hydra
 13869 | Lair:2   | 13869 ||| SWAPPING to +0 morningstar.
 13870 | Lair:2   | Noticed an eight-headed hydra
 13871 | Lair:2   | 13871 ||| Stepping ~*~*~tactically~*~*~ (stealth).
 13875 | Lair:2   | Killed a four-headed hydra
 13876 | Lair:2   | Reached skill level 17 in Axes
 13876 | Lair:2   | 13876 ||| SWAPPING to +4 broad axe of freezing.
 13878 | Lair:2   | 13878 ||| SWAPPING to +0 morningstar.
 13887 | Lair:2   | HP: 20/104 [eight-headed hydra (11)]
 13888 | Lair:2   | 13888 ||| READING 6 scrolls of teleportation.
 13888 | Lair:2   | HP: 3/104 [eight-headed hydra (9)]
 13888 | Lair:2   | Slain by an eight-headed hydra

Levels and vault maps discovered:
D:1:      dpeg_arrival_caged_fury, layout_basic,
          shapermc_ecumenical_altar_mp_urbaneastern
D:2:      layout_basic, serial_shops, nicolae_shop_hallway_stairs,
          kennysheep_generic_room_11
D:3:      layout_loops_ring, led_sif_book, gammafunk_temple_overflow_wave,
          uniq_ijyb
D:4:      cheibrodos_fertilizer, layout_gridville, minivault_27,
          minmay_hollow_rounded_squares, uniq_blork_the_orc
D:5:      layout_basic, mainiacjoe_overflow_catwalk_spiral,
          kennysheep_little_box, mainiacjoe_overflow_catwalk, st_stairs_8
D:6:      nicolae_cairo_tiling_large_dashed, layout_basic,
          minmay_temple_entry_poolview
D:7:      layout_basic, uniq_duvessa
D:8:      layout_loops_corners, david_lair_shrubbed,
          gammafunk_ghost_wrathful_warriors, uniq_maggie
D:9:      layout_roguey, uniq_erolcha, uniq_harold
D:10:     layout_basic, elyvilon_altar_5, evilmike_ruin_ashenzari, serial_shops,
          nicolae_lakefront_shop
D:11:     minmay_evil_eye, layout_loops_cross, minivault_14
Temple:   oiseaux_autumnal_temple
Lair:1:   layout_regular_city
Lair:2:   layout_chaotic_city, dummy_spider_entry,
          chequers_serial_rivers_micro_d, nicolae_quartered_pool_little,
          serial_bayou_crossing, grunt_megastairs_4

Skill      XL: |  1  2  3  4  5  6  7  8  9 10 11 12 |
---------------+-------------------------------------+-----
Axes           | 3 4 5 6 7 8 10 12 13 14 16 17 | 17.0
Dodging        | 1 2 3 |  3.0
Fighting       | 4 6 8 8 9 |  9.0
Armour         | 4 5 6 7 9 |  9.0
Shields        | 4 5 5 6 |  6.0
Throwing       | 2 2 |  2.1

Action                   |  1- 3 |  4- 6 |  7- 9 | 10-12 || total
-------------------------+-------+-------+-------+-------++-------
Melee: War axe           |    74 |    83 |   205 |       ||   362
       Headbutt          |     8 |     9 |    37 |    59 ||   113
       Broad axe         |       |       |    72 |   276 ||   348
       Morningstar       |       |       |       |    12 ||    12
Throw: Boomerang         |       |    19 |    20 |    50 ||    89
Invok: Sacrifice Skill   |       |       |       |     1 ||     1
       Sacrifice Artific |       |       |       |     1 ||     1
  Use: Scroll            |     4 |     2 |    13 |     9 ||    28
       Potion            |     1 |     1 |     6 |     1 ||     9
 Stab: Invisible         |       |       |       |     1 ||     1
Armor: Scale mail        |    10 |       |       |       ||    10
       Plate armour      |    19 |    53 |   131 |   143 ||   346
Dodge: Dodged            |    20 |    39 |    79 |    97 ||   235
Block: Buckler           |     9 |    15 |    40 |    43 ||   107

Table legend:
 A = Non-vault XP
 B = Vault XP
 C = Vault XP percentage of total XP
 D = Non-vault monster count
 E = Vault monster count
 F = Vault count percentage of total count
                 A         B        C        D         E       F
            +---------+---------+-------+---------+---------+-------
      Total |   18764 |    5472 |  22.6 |     224 |      48 |  17.6
            +---------+---------+-------+---------+---------+-------
        D:1 |      31 |       0 |   0.0 |      18 |       0 |   0.0
        D:2 |      30 |       1 |   3.2 |      11 |       1 |   8.3
        D:3 |     145 |      36 |  19.9 |      14 |       1 |   6.7
        D:4 |     494 |     558 |  53.0 |      25 |      32 |  56.1
        D:5 |     955 |      75 |   7.3 |      26 |       2 |   7.1
        D:6 |     810 |       0 |   0.0 |      23 |       0 |   0.0
        D:7 |     501 |     205 |  29.0 |       7 |       2 |  22.2
        D:8 |    1747 |     757 |  30.2 |      14 |       2 |  12.5
        D:9 |    1942 |    1752 |  47.4 |      15 |       2 |  11.8
       D:10 |    3480 |       0 |   0.0 |      18 |       0 |   0.0
       D:11 |    1870 |    1235 |  39.8 |      23 |       5 |  17.9
     Lair:1 |    5337 |       0 |   0.0 |      25 |       0 |   0.0
     Lair:2 |    1422 |     853 |  37.5 |       5 |       1 |  16.7
            +---------+---------+-------+---------+---------+-------
